 Dungeon Crawl Stone Soup version 0.25.1-4-g9407a263a5 (webtiles) character file.

Game seed: 16702760316486463495

84 Gabide the Poker (level 4, -1/33 HPs)
             Began as a Human Gladiator on Nov 28, 2020.
             Slain by an iguana (5 damage)
             ... on level 2 of the Dungeon.
             The game lasted 00:03:46 (1918 turns).

Gabide the Poker (Human Gladiator)                  Turns: 1918, Time: 00:03:46

Health: -1/33      AC:  7    Str: 15    XL:     4   Next: 74%
Magic:  4/4        EV: 10    Int:  8    God:
Gold:   22         SH:  0    Dex: 15    Spells: 3/3 levels left

rFire    . . .     SeeInvis .   a - +0 trident
rCold    . . .     Gourm    .   e - +0 buckler
rNeg     . . .     Faith    .   i - +0 scale mail
rPois    .         Spirit   .   c - +0 helmet
rElec    .         Reflect  .   (no cloak)
rCorr    .         Harm     .   (no gloves)
MR       .....                  (no boots)
Stlth    ..........             (no amulet)
HPRegen  0.11/turn              (no ring)
MPRegen  0.09/turn              (no ring)

@: confused, lethally poisoned (-1 -> -2)
A: no striking features
a: no special abilities


You were on level 2 of the Dungeon.
You were not hungry.

You visited 1 branch of the dungeon, and saw 2 of its levels.

You collected 22 gold pieces.

Inventory:

Hand Weapons
 a - a +0 trident (weapon)
Missiles
 d - a throwing net
 k - an atropa-tipped dart (quivered)
Armour
 b - a +0 leather armour
 c - a +0 helmet (worn)
 e - a +0 buckler (worn)
 i - a +0 scale mail (worn)
 p - a +0 chain mail
Jewellery
 o - an uncursed amulet of magic regeneration {unknown}
Scrolls
 j - 2 scrolls of remove curse
 n - a scroll of amnesia {unknown}
Potions
 l - a potion of berserk rage {unknown}
 m - a potion of resistance {unknown}
Comestibles
 f - 3 rations
 h - a chunk of flesh


   Skills:
 + Level 2.3 Fighting
 + Level 4.1 Polearms
 - Level 2.0 Throwing
 * Level 1.1 Armour
 + Level 3.4 Dodging
 * Level 1.2 Shields


You had 3 spell levels left.
You didn't know any spells.
Your spell library was empty.

Dungeon Overview and Level Annotations

Branches:
Dungeon (2/15)

Altars:


Message History

The iguana is moderately wounded.
The iguana barely misses you.
You hit the iguana.
The iguana is heavily wounded.
The iguana bites you.
You puncture the iguana!
The iguana is almost dead.
The iguana bites you!
* * * LOW HITPOINT WARNING * * *
The iguana barely misses you.
Press: ? - help, v - describe, . - travel, g - get item
Here: an iguana (almost dead, blind) 2 atropa-tipped darts.
There is something else lying underneath.
The floor, spattered with blood.
* * * LOW HITPOINT WARNING * * *
You feel sick.
The iguana is no longer blind.
You are confused.
You feel invigorated. The iguana bites you.
You die...

##≈≈♣# #...).##
#.. ≈...≈≈
#.#....###..
.≈≈.≈≈♣ ##
#.####.##...
♣≈≈≈≈≈♣.♣ #.
#.##.#. ♣...≈≈≈ #.
#.##... #....r#
#.####. #g#
#....<. #l#
#####.. #@# #..
#.# #.# #.# #.#
#.# #######.. #.#
......... #÷#
#######..
#.##############..
#.##..............
#.##.############.


You could see an iguana, a goblin and a rat.

Vanquished Creatures
  A gnoll (D:1)
  5 adders (D:2)
  A leopard gecko (D:1)
  A ball python (D:1)
  5 bats
  A giant cockroach (D:2)
  3 goblins
  4 hobgoblins
  8 frilled lizards
  3 kobolds (D:1)
  2 rats
34 creatures vanquished.

Notes
Turn   | Place    | Note
-------+----------+-------------------------------------------
     0 | D:1      | Gabide the Human Gladiator began the quest for the Orb.
     0 | D:1      | Reached XP level 1. HP: 16/16 MP: 1/1
    91 | D:1      | Reached XP level 2. HP: 22/22 MP: 2/2
   581 | D:1      | Reached XP level 3. HP: 27/27 MP: 3/3
   983 | D:2      | Reached skill level 1 in Shields
  1020 | D:2      | Reached XP level 4. HP: 20/33 MP: 4/4
  1263 | D:2      | Reached skill level 1 in Armour
  1856 | D:2      | Reached skill level 4 in Polearms
  1917 | D:2      | HP: 1/33 [poisoned by an adder]
  1918 | D:2      | Slain by an iguana

Illustrated notes

Levels and vault maps discovered:
D:1:      heliophobic_arrival_battle_scene, layout_basic, minmay_lizard_king
D:2:      layout_loops_ring, lemuel_round_altar, serial_rivers,
          chequers_serial_rivers_micro_b, chequers_serial_rivers_micro_e,
          chequers_serial_rivers_marsh, chequers_serial_rivers_small_3,
          chequers_serial_rivers_large_b, chequers_serial_rivers_small_3

Skill      XL: |  1  2  3  4 |
---------------+-------------+-----
Shields        | 1 |  1.2
Armour         | 1 |  1.1
Polearms       | 4 |  4.1
Fighting       | |  2.3
Throwing       | |  2.0
Dodging        | |  3.4

Action                   |  1- 3 |  4- 6 || total
-------------------------+-------+-------++-------
Melee: Trident           |    98 |    62 ||   160
Throw: Throwing net      |       |     4 ||     4
       Dart              |       |     2 ||     2
  Use: Scroll            |     4 |     1 ||     5
       Potion            |       |     1 ||     1
 Stab: Held in net/web   |       |     2 ||     2
       Invisible         |       |     1 ||     1
  Eat: Chunk             |       |     3 ||     3
Armor: Scale mail        |    66 |    14 ||    80
Dodge: Dodged            |    63 |    28 ||    91
Block: Buckler           |    13 |     9 ||    22
